 Dungeon Crawl Stone Soup version 0.31-a0-986-g5e6e4ef867 (webtiles) character file.

Game seed: 2169876302969631748

2133 Xavori the Trooper (level 9, -3/97 HPs)
             Began as a Djinni Chaos Knight on Nov 5, 2023.
             Was a Plaything of Xom.
             Slain by a gnoll
             ... wielding a +0 halberd
             ... led by a gnoll bouda
              (7 damage)
             ... on level 7 of the Dungeon.
             The game lasted 00:08:33 (7176 turns).

Xavori the Trooper (Djinni Chaos Knight)            Turns: 7176, Time: 00:08:33

Health: -3/97      AC: 27    Str:  8 (11) XL:     9   Next: 55%
Gold:   425        EV:  2    Int: 13 (14) God:    Xom [...*..] SH:  4 Dex: 14 (17)

rFire   + . .        a - +0 falchion (chaos)
rCold   + . .        x - +0 buckler {AC+3}
rNeg    . . .        y - melded +0 acid dragon scales
rPois   ∞            l - melded +0 helmet
rElec   +            (cloak currently unavailable)
rCorr   +            r - melded +0 pair of gloves
SInv    .            (boots unavailable)
Will    .....        (no amulet)
Stlth   +            (no ring)
HPRegen 0.36/turn    (no ring)
MPRegen 0.00/turn

%: infuse magic (-4 HP)
@: mighty, tree-form, resistant, hasted, very quick
A: stationary, stasis, torment immunity, boosted hp, sickness immunity, (fire
resistance 2), (cold vulnerability 1), float, innate caster, HP casting, extra
vitality 1, (large bone plates 1)
a: Renounce Religion


You were on level 7 of the Dungeon.
You worshipped Xom.
You were a favourite toy of Xom.
You were a tree.
You visited 1 branch of the dungeon, and saw 7 of its levels.

You collected 425 gold pieces.

Inventory:

Hand Weapons
 a - a +0 falchion of chaos (weapon)
Missiles
 i - a throwing net
Armour
 b - a +3 leather armour
 l - a +0 helmet (melded)
 r - a +0 pair of gloves (melded)
 x - a +0 buckler of protection (worn)
 y - +0 acid dragon scales (melded)
Jewellery
 z - a ring of resist corrosion
Wands
 o - a wand of flame (15)
 p - a wand of iceblast (13)
Scrolls
 c - a scroll of butterflies
 d - a scroll of silence {unknown}
 q - 2 scrolls of enchant armour
 s - 2 scrolls of identify {unknown}
 u - a scroll of enchant weapon {unknown}
 w - a scroll of noise {unknown}
Potions
 f - 2 potions of haste
 h - a potion of lignification
 j - 2 potions of brilliance
 k - a potion of degeneration
 m - 2 potions of might
 n - a potion of mutation {unknown}
 t - a potion of magic {unknown}


   Skills:
 + Level 5.5 Fighting
 + Level 5.0 Long Blades
 + Level 4.6 Armour
 + Level 5.5 Dodging
 * Level 4.3 Spellcasting
 * Level 4.3 Conjurations
 * Level 4.3 Hexes
 * Level 4.3 Summonings
 * Level 4.3 Necromancy
 * Level 4.3 Translocations
 * Level 4.3 Transmutations
 * Level 4.3 Fire Magic
 * Level 4.3 Ice Magic
 * Level 4.3 Air Magic
 * Level 4.3 Earth Magic
 * Level 4.3 Poison Magic
 + Level 3.7 Evocations


You knew the following spells:

 Your Spells              Type           Power      Damage    Failure   Level
a - Freeze                Ice            56%        1d7       5%          1
b - Wereblood             Tmut           14%        N/A       9%          2
c - Ozocubu's Armour      Ice            14%        N/A       17%         3
d - Brom's Barrelling Bo  Conj/Erth      14%        2d4       50%         4
Your spell library was empty.

Dungeon Overview and Level Annotations

Branches:
Dungeon (7/15)             Temple (0/1) D:5

Altars:
Cheibriados
Dithmenos
Elyvilon
Uskayaw

Shops:
D:3 =   D:5 *

Annotations:
D:6 2 transporters, grimpoem's ghost, novice TrMo


Innate Abilities, Weirdness & Mutations

You are a tree.
Your roots penetrate the ground, keeping you stationary.
You cannot be teleported.
You are immune to unholy pain and torment.
Your maximum health is greatly increased.
Your equipment is partially melded.
You are immune to sickness and miasma.
You are immune to poison.
((Your flesh is very heat resistant. (rF++)))
((You are vulnerable to cold. (rC-)))
You float through the air rather than walking.
You learn spells naturally, not from books.
Your magical power is your life essence.
You have superior vitality. (+4 MHP)
((You are partially covered in large bone plates. (SH +4)))


Message History

You slash something! You burn something.
You feel less confused.
The gnoll is no longer moving quickly.
The gnoll hits you but does no damage.
The gnoll bouda barks out a call to the hunt!
The gnoll picks up the pace!
The gnoll hits you from afar with a +0 halberd.
* * * LOW HITPOINT WARNING * * *
You slash the gnoll bouda!
You kill the gnoll bouda!
Something hits you but does no damage. You block the gnoll's attack.
You swing at nothing.
Xom's power touches on a nearby monster.
The orc priest evaporates and reforms as a sky beast!
You are now a favourite toy of Xom.
The gnoll hits you but does no damage. Something hits you but does no damage.
The gnoll throws a stone.
The stone hits you but does no damage.
As you read the scroll labelled QOVEKI KIWNUTH, it crumbles to dust.
You cannot blink because you are held in place by your roots.
It was a scroll of blinking.
The sky beast flickers out of sight!
The gnoll hits you but does no damage.
You barely miss something. Something hits you but does no damage.
The gnoll throws a stone.
The stone hits you but does no damage. The gnoll hits you but does no damage.
You closely miss something. Something hits you but does no damage.
The gnoll hits you from afar with a +0 spear.
* * * LOW HITPOINT WARNING * * *
The gnoll barely misses you.
You slash something! You freeze something.
Reactivating autopickup.
You feel a bit more experienced.
The gnoll hits you from afar with a +0 spear.
* * * LOW HITPOINT WARNING * * *
You hit the orc.
The orc suddenly seems more agile.
The orc is almost dead.
The gnoll hits you but does no damage.
You hit the orc.
You kill the orc!
The gnoll hits you but does no damage.
The gnoll hits you from afar with a +0 halberd!
You die...

##....)5.##................##
#..........5.#...........#..#####
.............#..........##.......
...)...##+#####....)...###.......
.......# #.......>....##.......
.......# #....g{.............##
.......# #...gg#..#........###
.......# #...#)##g#.......##
......... #..##♣#g{o......###
......... ....##)##......###.##
......## ...# #..)#...........##
..##..#...... ##...............#
###..[..#.#####.............##
..#....##...##.............##
........................).##
..........#.........#...)))##
##......##.........##......##


You could see 3 gnolls.

Vanquished Creatures
  2 vampire mosquitoes (D:6)
  An acid dragon (D:6)
  A sky beast (D:6)
  An ogre (D:5)
  A phantom (D:7)
  5 scorpions
  A howler monkey (D:7)
  An orc priest (D:7)
  2 hounds
  2 jellies
  A sleepcap (D:4)
  2 gnoll boudas
  6 iguanas
  Ijyb (D:3)
  4 orc wizards
  10 gnolls
  7 adders
  A shadow imp (D:5)
  A white imp (D:4)
  2 ufetubi (D:5)
  2 worms (D:2)
  A dart slug (D:2)
  8 orcs
  2 bats
  6 endoplasms
  3 giant cockroaches
  6 goblins
  8 hobgoblins
  6 jackals
  5 quokkas
  6 ball pythons
  A frilled lizard (D:1)
  10 kobolds
  3 rats
119 creatures vanquished.

Vanquished Creatures (collateral kills)
  A polar bear (shapeshifter) (D:7)
  An ogre (D:7)
  A hound (D:5)
  2 iguanas
  A gnoll (D:7)
  2 orcs (D:5)
  An endoplasm (D:4)
  A quokka (D:5)
  2 kobolds (D:7)
12 creatures vanquished.

Grand Total: 131 creatures vanquished

Notes
Turn   | Place    | Note
-------+----------+-------------------------------------------
     0 | D:1      | Xavori the Djinni Chaos Knight began the quest for the Orb.
     0 | D:1      | Reached XP level 1. HP: 20/20 MP: 0/0
   160 | D:1      | Reached XP level 2. HP: 24/25 MP: 0/0
   373 | D:1      | XOM: silly message
   474 | D:1      | Reached XP level 3. HP: 30/30 MP: 0/0
   474 | D:1      | Learned a level 1 spell: Freeze
   780 | D:2      | Identified the "Nytanurph"
   780 | D:2      | XOM: potion effect (might)
   791 | D:1      | XOM: divination: detect items
   981 | D:1      | XOM is BORED!
  1407 | D:1      | XOM: give mutation
  1407 | D:1      | Gained mutation: You are partially covered in large bone
                  | plates. (SH +4) [Xom's grace]
  1545 | D:1      | XOM: divination: magic mapping
  1667 | D:2      | XOM: enchant monster (good)
  1670 | D:2      | Reached skill level 1 in Spellcasting
  1670 | D:2      | Reached skill level 1 in Conjurations
  1670 | D:2      | Reached skill level 1 in Hexes
  1670 | D:2      | Reached skill level 1 in Summonings
  1670 | D:2      | Reached skill level 1 in Necromancy
  1670 | D:2      | Reached skill level 1 in Translocations
  1670 | D:2      | Reached skill level 1 in Transmutations
  1670 | D:2      | Reached skill level 1 in Fire Magic
  1670 | D:2      | Reached skill level 1 in Ice Magic
  1670 | D:2      | Reached skill level 1 in Air Magic
  1670 | D:2      | Reached skill level 1 in Earth Magic
  1670 | D:2      | Reached skill level 1 in Poison Magic
  1673 | D:2      | HP: 1/30 [gnoll/+0 halberd (9)]
  1675 | D:2      | Reached XP level 4. HP: 2/35 MP: 0/0
  1963 | D:2      | You are sucked into a shaft and drop 1 floor!
  1969 | D:3      | Found a snail-covered altar of Cheibriados.
  1976 | D:3      | Found a hide-covered altar of Uskayaw.
  2112 | D:3      | Found Buibol's Jewellery Emporium.
  2621 | D:3      | Reached XP level 5. HP: 38/40 MP: 0/0
  2621 | D:3      | Learned a level 2 spell: Wereblood
  2975 | D:3      | Noticed Ijyb
  3002 | D:3      | Killed Ijyb
  3187 | D:3      | XOM: scenery: summon butterflies
  3559 | D:4      | Reached XP level 6. HP: 42/47 MP: 0/0
  3654 | D:4      | XOM: silly message
  4070 | D:4      | XOM: scenery: 1 doors open, 1 doors close
  4235 | D:4      | XOM: 10-stop teleportation journey
  4314 | D:4      | XOM: scenery: 1 doors close
  4417 | D:5      | Entered Level 5 of the Dungeon
  4590 | D:5      | Noticed an ogre
  4597 | D:4      | XOM: cast spell 'Summon Hydra'
  4736 | D:5      | Killed an ogre
  4737 | D:5      | Reached skill level 1 in Evocations
  4737 | D:5      | Reached XP level 7. HP: 42/52 MP: 0/0
  4737 | D:5      | Learned a level 3 spell: Ozocubu's Armour
  4779 | D:5      | XOM: silly message
  4821 | D:5      | Found a staircase to the Ecumenical Temple.
  4842 | D:5      | Found a shadowy altar of Dithmenos.
  4859 | D:5      | XOM: noise
  5020 | D:5      | XOM: 8-stop teleportation journey
  5053 | D:5      | Found a white marble altar of Elyvilon.
  5057 | D:5      | XOM: summons friendly ufetubus
  5059 | D:5      | XOM: potion effect (haste)
  5086 | D:5      | XOM: noise
  5112 | D:5      | XOM: summons friendly crimson imp
  5120 | D:5      | XOM: divination: detect creatures
  5121 | D:5      | Reached XP level 8. HP: 22/58 MP: 0/0
  5129 | D:5      | XOM: summons friendly ufetubus
  5146 | D:5      | XOM: summons friendly crimson imp
  5151 | D:5      | XOM: cast spell 'Chain of Chaos'
  5233 | D:5      | XOM: cloud trail
  5241 | D:5      | XOM: polymorph crimson imp -> white imp
  5479 | D:5      | Found Quhasasch's Gadget Gallery.
  5708 | D:6      | XOM: god gift: 14 gold pieces
  5928 | D:6      | XOM: scenery: summon butterflies
  5983 | D:6      | Found a transporter.
  6113 | D:6      | Found a transporter.
  6137 | D:6      | Noticed grimpoem's ghost (novice TrMo)
  6203 | D:6      | XOM: god gift: +0 buckler of protection
  6229 | D:6      | XOM: summons friendly shadow imp
  6234 | D:6      | Reached skill level 5 in Fighting
  6234 | D:6      | Reached XP level 9. HP: 46/65 MP: 0/0
  6234 | D:6      | Learned a level 4 spell: Brom's Barrelling Boulder
  6351 | D:6      | XOM: divination: detect creatures
  6358 | D:6      | Reached skill level 5 in Dodging
  6689 | D:7      | XOM: chaos upgrade
  6796 | D:7      | XOM: summons 9 friendly demons
  6797 | D:7      | a shapeshifter changed into a polar bear
  6797 | D:7      | Noticed a polar bear (shapeshifter)
  6799 | D:7      | Killed a polar bear
  6943 | D:7      | Reached skill level 5 in Long Blades
  7130 | D:7      | XOM: enchant monster (bad)
  7170 | D:7      | XOM: polymorph orc priest -> sky beast
  7174 | D:7      | HP: 4/97 [gnoll/+0 spear[a gnoll bouda] (4)]
  7176 | D:7      | Slain by a gnoll

Illustrated notes

Levels and vault maps discovered:
D:1:      dpeg_arrival_snail, layout_basic
D:2:      layout_rooms, minmay_misc_feat_enclosed, kennysheep_generic_room_10
D:3:      layout_loops_corners, mainiacjoe_overflow_large_starburst,
          serial_shops, nicolae_lakefront_shop, mrwooster_statue_mirror,
          chequers_serial_rivers_small_3, uniq_ijyb
D:4:      layout_gridville
D:5:      minmay_chambers_of_threes, layout_cave_pools,
          nicolae_dithmenos_shadow_blocks, nicolae_elyvilon_temple_path,
          minmay_temple_entry_offerings, nicolae_shop_gadgets
D:6:      layout_basic, gammafunk_ghost_stat_death, serial_glass,
          glass_columns_a, glass_columns_c, glass_columns_a, glass_columns_a,
          chequers_serial_rivers_micro_d
D:7:      lemuel_castle_with_subvaults [lemuel_castle_interior_carwin_3],
          layout_cave_pools, grunt_temple_overflow_champion_of_chaos

Skill      XL: |  1  2  3  4  5  6  7  8  9 |
---------------+----------------------------+-----
Long Blades    | 3 4 5 |  5.0
Spellcasting   | 1 2 3 4 |  4.3
Conjurations   | 1 2 3 4 |  4.3
Hexes          | 1 2 3 4 |  4.3
Summonings     | 1 2 3 4 |  4.3
Necromancy     | 1 2 3 4 |  4.3
Translocations | 1 2 3 4 |  4.3
Transmutations | 1 2 3 4 |  4.3
Fire Magic     | 1 2 3 4 |  4.3
Ice Magic      | 1 2 3 4 |  4.3
Air Magic      | 1 2 3 4 |  4.3
Earth Magic    | 1 2 3 4 |  4.3
Poison Magic   | 1 2 3 4 |  4.3
Armour         | 2 3 4 |  4.6
Dodging        | 3 4 5 |  5.5
Fighting       | 4 5 |  5.5
Evocations     | 1 3 |  3.7

Action                     |  1- 3 |  4- 6 |  7- 9 || total
---------------------------+-------+-------+-------++-------
  Melee: Falchion          |    83 |   188 |   259 ||   530
         Punch             |     1 |     1 |     2 ||     4
   Cast: Ozocubu's Armour  |       |       |     4 ||     4
         Wereblood         |       |       |     1 ||     1
  Evoke: Wand              |       |     2 |       ||     2
    Use: Potion            |       |     2 |     7 ||     9
         Scroll            |       |     1 |     2 ||     3
   Stab: Distracted        |       |     1 |       ||     1
         Sleeping          |       |     1 |       ||     1
 Armour: Leather armour    |    53 |    96 |    65 ||   214
         Acid dragon scale |       |       |   150 ||   150
         Skin              |       |       |    27 ||    27
  Dodge: Dodged            |    83 |    92 |   176 ||   351
  Block: Other             |       |    30 |    26 ||    56
         Buckler           |       |       |   100 ||   100

Table legend: (Time is in decaauts)
 A = Elapsed time spent in this place.
 B = Non-inter-level travel time spent in this place.
 C = Inter-level travel time spent in this place.
 D = Time resting spent in this place.
 E = Time spent auto-exploring this place.
 F = Levels seen in this place.
 G = Mean time per level.
                   A        B        C        D        E       F      G
               +--------+--------+--------+--------+--------+-----+--------+
         Total |   7242 |   7017 |    225 |   1729 |   3983 |   7 | 1034.6 |
       Dungeon |   7242 |   7017 |    225 |   1729 |   3983 |   7 | 1034.6 |
               +--------+--------+--------+--------+--------+-----+--------+

Top non-repeatable levels by time:
     D:1: 1860 daAuts
     D:4: 1284 daAuts
     D:6: 1166 daAuts
     D:3: 998 daAuts
     D:5: 952 daAuts
     D:2: 548 daAuts
     D:7: 431 daAuts
